 Dungeon Crawl Stone Soup version 0.21-a0-1-gaf3b9a5 (webtiles) character file.

53 turnburgler the Firebug (level 3, -3/24 HPs)
             Began as a Vampire Fire Elementalist on May 20, 2017.
             Was an Initiate of Vehumet.
             Slain by Sigmund
             ... wielding a +0 scythe
              (6 damage)
             ... on level 2 of the Dungeon.
             The game lasted 00:09:52 (1220 turns).

turnburgler the Firebug (Vampire Fire Elementalist) Turns: 1220, Time: 00:09:53

Health: -3/24      AC:  2    Str:  7    XL:     3   Next: 62%
Magic:  0/7        EV: 12    Int: 18    God:    Vehumet [......]
Gold:   69         SH:  0    Dex: 14    Spells: 4/7 levels left

rFire    . . .     SeeInvis +   f - +2 hand axe (pain)
rCold    + . .     Gourm    .   (no shield)
rNeg     + + .     Faith    .   a - +0 robe
rPois    +         Spirit   .   (no helmet)
rElec    .         Reflect  .   (no cloak)
rCorr    .         Harm     .   (no gloves)
MR       .....                  (no boots)
Stlth    +++.......             (no amulet)
Regen    0.1/turn               (no ring)
MPRegen  0.1/turn               (no ring)

@: regenerating slowly
A: fangs 3, see invisible, unbreathing
a: Bat Form, Renounce Religion


You were on level 2 of the Dungeon.
You worshipped Vehumet.
Vehumet was noncommittal.
You were thirsty.

You visited 1 branch of the dungeon, and saw 2 of its levels.

You collected 69 gold pieces.

Inventory:

Hand Weapons
 f - a +2 hand axe of pain (weapon)
Armour
 a - a +0 robe (worn)
 j - a +0 leather armour
 k - a +0 ring mail
 r - a +0 leather armour
Scrolls
 g - a scroll of recharging {unknown}
 l - a scroll of blinking {unknown}
 m - 3 scrolls of identify {unknown}
 q - 2 scrolls of remove curse {unknown}
 s - a scroll of teleportation {unknown}
 t - a scroll of fear {unknown}
Potions
 c - 16 potions of blood
 d - 2 potions of lignification {unknown}
 e - a potion of heal wounds {unknown}
 h - a potion of degeneration {unknown}
 n - a potion of cancellation {unknown}
 o - a potion of might {unknown}
 p - 2 potions of curing {unknown}
Books
 b - a book of Flames

   Spells                             Type                      Level
   a - Flame Tongue                   Conjuration/Fire             1
   b - Throw Flame                    Conjuration/Fire             2
   c - Conjure Flame                  Conjuration/Fire             3
   d - Inner Flame                    Hexes/Fire                   3
   e - Sticky Flame                   Conjuration/Fire             4
   f - Fireball                       Conjuration/Fire             5
Comestibles
 i - a bread ration


   Skills:
 * Level 2.1 Dodging
 - Level 3.0 Stealth
 - Level 2.6 Spellcasting
 - Level 0.6 Conjurations
 + Level 3.4 Fire Magic


You had 4 spell levels left.
You knew the following spells:

 Your Spells              Type           Power        Failure   Level  Hunger
a - Flame Tongue          Conj/Fire      #....        8%          1    #......
b - Throw Flame           Conj/Fire      #.....       11%         2    ##.....


Dungeon Overview and Level Annotations

Branches:
Dungeon (2/15)

Altars:
Vehumet

Annotations:
D:2 Sigmund


Innate Abilities, Weirdness & Mutations

You heal slowly.
You have razor-sharp teeth.
You have supernaturally acute eyesight. (SInv)
You can survive without breathing.


Message History

Sigmund is heavily wounded.
Sigmund closely misses you.
You see here a stone.
You barely miss Sigmund.
Sigmund is heavily wounded.
Sigmund hits you with a scythe!
You closely miss Sigmund.
Sigmund is heavily wounded.
Sigmund hits you with a scythe!
* * * LOW HITPOINT WARNING * * *
You hit Sigmund.
Sigmund is severely wounded.
Sigmund barely misses you.
You closely miss Sigmund.
Sigmund is severely wounded.
Sigmund misses you.
You hit Sigmund but do no damage.
Sigmund is severely wounded.
Sigmund hits you with a scythe.
You die...

...........+.........+.......#.#
####....####.........####...##.#
#........# ....... #...##.#
#.##.###.# ..... #.#....# #.##.#
.# ... #.###..# #.##.# #.# #'#
#.###..# #.##.# #.# #K# #......#
#.##.# #.# #@# #####.## #.##.#
#.# ##@## #.# #.##.###.#
##...###########.# #...<....#
#................# ####.....#
##.(..############
#####.#######.#.#
#........###.#.#
#.##...........#
#.######.###.### #.# #.# #.#


You could see Sigmund and a kobold.

Vanquished Creatures
  An adder (D:2)
  2 oozes
  2 leopard geckos (D:1)
  A ball python (D:1)
  6 bats
  A giant cockroach (D:1)
  4 goblins (D:1)
  6 hobgoblins
  3 frilled lizards
  A kobold (D:1)
  5 rats (D:1)
32 creatures vanquished.

Vanquished Creatures (others)
  A frilled lizard (D:1)
1 creature vanquished.

Grand Total: 33 creatures vanquished

Notes
Turn   | Place    | Note
-------+----------+-------------------------------------------
     0 | D:1      | turnburgler the Vampire Fire Elementalist began the quest for the Orb.
     0 | D:1      | Reached XP level 1. HP: 13/13 MP: 3/3
   207 | D:1      | Reached XP level 2. HP: 19/19 MP: 1/5
   246 | D:1      | Learned a level 2 spell: Throw Flame
   567 | D:1      | Reached XP level 3. HP: 24/24 MP: 3/6
   914 | D:2      | Noticed Sigmund
   987 | D:2      | Found a radiant altar of Vehumet.
   994 | D:2      | Became a worshipper of Vehumet
  1220 | D:2      | Slain by Sigmund

Vault maps used:
D:1:      shiori_arrival_elements, minmay_hexomino_p4
D:2:      lemuel_blue_sif_altar, old_standard_altar, hangedman_decor_points,
          uniq_sigmund

Skill      XL: |  1  2 |
---------------+-------+-----
Fire Magic     | 3 |  3.4
Dodging        | |  2.1
Stealth        | |  3.0
Spellcasting   | |  2.6
Conjurations   | |  0.6

Action                   || total
-------------------------++-------
Melee: Hand axe          ||    39
       Bite              ||     1
 Cast: Flame Tongue      ||    42
       Throw Flame       ||    10
  Use: Potion            ||     1
Armor: Robe              ||    14
Dodge: Dodged            ||    50
